 Dungeon Crawl Stone Soup version 0.20.1-1-g8b1a95d (webtiles) character file.

72 vatarom the Caller (level 4, 26/37 HPs)
             Began as a Draconian Summoner on Sept 6, 2017.
             Was a Believer of Lugonu.
             Quit the game on level 3 of the Dungeon.
             The game lasted 00:04:32 (2722 turns).

vatarom the Caller (Draconian Summoner)             Turns: 2722, Time: 00:04:33

Health: 26/37      AC:  5    Str: 10      XL:     4   Next: 7%
Magic:  7/7        EV: 12    Int: 15 (16) God:    Lugonu [**....]
Gold:   150        SH:  0    Dex: 14      Spells: 4/7 levels left

rFire    . . .     SeeInvis .   (no weapon)
rCold    . . .     Gourm    .   (no shield)
rNeg     . . .     Faith    .   (armour unavailable)
rPois    .         Spirit   .   (helmet restricted)
rElec    .         Reflect  .   (no cloak)
rCorr    +         Harm     .   (no gloves)
MR       .....                  (no boots)
Stlth    ++........             (no amulet)
Regen    0.2/turn               d - ring of resist corrosion
MPRegen  0.1/turn               c - +2 ring of dexterity

@: no status effects
A: unfitting armour, cold-blooded, AC +5
a: Depart the Abyss, Bend Space, Renounce Religion


You were on level 3 of the Dungeon.
You worshipped Lugonu.
Lugonu was pleased with you.
You were hungry.

You visited 1 branch of the dungeon, and saw 3 of its levels.

You collected 150 gold pieces.

Inventory:

Jewellery
 c - a +2 ring of dexterity (right hand)
 d - a ring of resist corrosion (left hand)
Scrolls
 b - 2 scrolls of remove curse {unknown}
Books
 a - a book of Callings

   Spells                             Type                      Level
   a - Summon Small Mammal            Summoning                    1
   b - Call Imp                       Summoning                    2
   c - Call Canine Familiar           Summoning                    3
   d - Summon Guardian Golem          Hexes/Summoning              3
   e - Summon Lightning Spire         Summoning/Air                4
   f - Summon Ice Beast               Ice/Summoning                4
Comestibles
 f - 3 meat rations


   Skills:
 + Level 2.7 Fighting
 - Level 1.7 Dodging
 - Level 1.7 Stealth
 - Level 2.0 Spellcasting
 - Level 4.9 Summonings


You had 4 spell levels left.
You knew the following spells:

 Your Spells              Type           Power        Failure   Level  Hunger
a - Summon Small Mammal   Summ           ###.         3%          1    #......
b - Call Imp              Summ           ###.....     4%          2    ###....


Dungeon Overview and Level Annotations

Branches:
Dungeon (3/15)

Altars:
Ru
Lugonu


Innate Abilities, Weirdness & Mutations

Your plain brown scales are hard. (AC +5)
You cannot fit into any form of body armour.
You are cold-blooded and may be slowed by cold attacks.


Message History

Reactivating autopickup.
You feel your strength returning.
Your Fighting skill increases to level 2!
You feel a bit more experienced.
Your crimson imp blinks!
The orc priest misses your crimson imp.
Your crimson imp hits the orc priest.
The orc priest dies!
Lugonu accepts your kill.
You feel your dexterity returning.
You have reached level 4!
You feel agile.
You start resting.
Your shadow imp disappears in a puff of smoke!
Your crimson imp disappears in a puff of smoke! x2
Magic restored.
You start resting.
You are feeling hungry.
Items here: ) [[ †† a dagger; a robe; a leather armour; an orc corpse; a hobgoblin corpse Are you sure you want to abandon this character and quit the game? (Confirm with "yes".)

. ### .## # .%. ... . #
#.# #[# .#.# #%#
#.##...##
#)###+#####.###........
#.....†..?†@.........#
#......####)###.###..#
#...... #.# #.# #...o..
#.# #.# ....... #.# #.#
# #....o. ### #.# ..#
#.###+. ####.###.....
.. +. +............
####.##.....>


There were no monsters in sight!

Vanquished Creatures
  An ooze (D:2)
  A dart slug (D:2)
  A leopard gecko (D:1)
  A bat (D:1)
  5 goblins
  A hobgoblin (D:1)
  A quokka (D:2)
  A ball python (D:2)
  2 frilled lizards
  3 kobolds (D:1)
  2 rats
19 creatures vanquished.

Vanquished Creatures (collateral kills)
  An orc priest (D:3)
  An orc wizard (D:3)
  A worm (D:2)
  A dart slug (D:1)
  An orc (D:3)
  3 bats
  A goblin (D:2)
  3 hobgoblins
  3 jackals (D:3)
  A kobold (D:1)
  3 rats
19 creatures vanquished.

Vanquished Creatures (others)
  A hobgoblin (D:1)
1 creature vanquished.

Grand Total: 39 creatures vanquished

Notes
Turn   | Place    | Note
-------+----------+-------------------------------------------
     0 | D:1      | vatarom the Draconian Summoner began the quest for the Orb.
     0 | D:1      | Reached XP level 1. HP: 14/14 MP: 3/3
   501 | D:1      | Reached XP level 2. HP: 12/20 MP: 0/5
   557 | D:1      | Learned a level 2 spell: Call Imp
  1819 | D:2      | Found a sacrificial altar of Ru.
  2083 | D:2      | Reached XP level 3. HP: 18/27 MP: 6/6
  2253 | D:2      | Found a faded altar of an unknown god.
  2290 | D:2      | Reached skill level 1 in Fighting
  2422 | D:2      | Became a worshipper of Lugonu the Unformed
  2422 | D:2      | Reached * piety under Lugonu
  2422 | D:2      | Reached ** piety under Lugonu
  2606 | D:3      | Reached XP level 4. HP: 13/37 MP: 1/7
  2722 | D:3      | Quit the game

Skill      XL: |  1  2  3 |
---------------+----------+-----
Fighting       | 2 |  2.7
Dodging        | |  1.7
Stealth        | |  1.7
Spellcasting   | |  2.0
Summonings     | |  4.9

Action                   |  1- 3 |  4- 6 || total
-------------------------+-------+-------++-------
Melee: Unarmed           |   154 |       ||   154
       Tailslap          |    11 |       ||    11
 Cast: Summon Small Mamm |    12 |       ||    12
       Call Imp          |    14 |       ||    14
  Use: Scroll            |     1 |       ||     1
       Potion            |     3 |       ||     3
 Stab: Sleeping          |     2 |       ||     2
  Eat: Bread ration      |     1 |       ||     1
       Chunk             |     2 |       ||     2
Armor: Skin              |    55 |       ||    55
Dodge: Dodged            |   126 |       ||   126
